Map: Kairos Junction LE

Players

Beastyqt - Winner!

  • Race: Protoss Protoss
  • League: Grandmaster
  • Spawn Location: 11:00

DarkLizzard

  • Race: Protoss Protoss
  • League: Master
  • Spawn Location: 5:00

VOD

https://www.youtube.com/watch?v=rYCbGBjNtAc&feature=youtu.be

Description

Time

  • Played on: March 26, 2019, 1:45 p.m.
  • Length: 5:57
Show
View Real Time Build Order
Export as new Build Order

Beastyqt Protoss - Winner!

Build Orders:  

Get SALT Encoding   

  12  0:01  Probe  
  13  0:13  Probe  
  14  0:18  Pylon  
  14  0:24  Probe  
  15  0:33  Probe  
  15  0:39  Gateway  
  15  0:41  Probe  
  17  0:50  Assimilator  
  17  0:51  Probe  
  17  0:55  Assimilator  
  18  1:04  Probe  
  19  1:12  Gateway  
  19  1:16  Probe  
  20  1:26  Cybernetics Core  
  20  1:28  Probe  
  21  1:34  Pylon  
  21  1:40  Probe  
  22  1:52  Probe, Warp Gate  
  23  2:02  Stalker, Sentry  
  23  2:04  Probe  
  28  2:08  Pylon  
  28  2:16  Probe  
  29  2:26  Robotics Facility  
  29  2:31  Shield Battery  
  29  2:38  Stalker  
  33  2:44  Sentry  
  33  2:52  Pylon  
  33  3:03  Warp Prism  
  33  3:04  Gateway  
  35  3:28  Probe  
  35  3:33  Observer  
  35  3:40  Stalker x2  
  40  3:55  Pylon  
  40  3:58  Stalker  
  40  4:01  Observer  
  43  4:06  Stalker  
  43  4:07  Stalker  
  47  4:13  Pylon  
  46  4:21  Stalker  
  45  4:30  Stalker  
  45  4:46  Stalker  
  45  4:49  Stalker  
  49  5:07  Stalker  
  49  5:12  Stalker  
  53  5:18  Stalker  
  55  5:36  Stalker  
  57  5:51  Stalker x2  
Show
View Real Time Build Order
Export as new Build Order

DarkLizzard Protoss 

Build Orders: Oracle Opening 

Get SALT Encoding   

  12  0:01  Probe  
  13  0:13  Probe  
  14  0:20  Pylon  
  14  0:25  Probe  
  15  0:36  Probe  
  15  0:40  Gateway  
  16  0:44  Probe  
  17  0:50  Assimilator  
  17  0:54  Probe  
  18  1:06  Probe  
  18  1:10  Gateway  
  20  1:18  Probe  
  20  1:19  Assimilator  
  20  1:27  Cybernetics Core  
  20  1:30  Probe  
  21  1:42  Probe  
  22  1:53  Warp Gate  
  22  1:54  Probe  
  22  1:57  Pylon  
  23  2:16  Adept  
  23  2:17  Adept  
  23  2:22  Pylon  
  27  2:26  Stargate  
  27  2:40  Probe  
  28  2:46  Adept  
  28  2:47  Adept  
  32  3:01  Oracle  
  32  3:06  Nexus  
  35  3:34  Oracle  
  33  3:37  Probe  
  35  3:43  Pylon  
  35  3:49  Probe  
  34  4:01  Probe  
  35  4:05  Void Ray  
  35  4:13  Probe  
  38  4:18  Probe  
  38  4:19  Stalker  
  41  4:25  Probe  
  41  4:30  Probe  
  40  4:35  Stalker  
  40  4:37  Probe  
  35  4:46  Stalker  
  35  4:50  Probe  
  34  5:02  Void Ray  
  34  5:04  Shield Battery  
  34  5:05  Sentry  
  34  5:19  Pylon  
  34  5:21  Pylon  
  34  5:23  Pylon  
  30  5:34  Probe x2  
Tags
 
Add a new tag
Caveats
  • Supply blocks, unpowered buildings, or Contaminate may cause inaccurate times.
  • Supply counts are checked every 10 seconds.